 Dungeon Crawl Stone Soup version 0.31.0-32-g396128a36d (webtiles) character file.

Game seed: 14211281763338382037

3419 PaiMei the Artisan of Death (level 9, 0/59 HPs)
             Began as a Demonspawn Necromancer on Apr 6, 2024.
             Was a Priest of Kikubaaqudgha.
             Succumbed to their own poison gas
             ... on level 7 of the Dungeon.
             The game lasted 00:10:50 (8730 turns).

PaiMei the Artisan of Death (DsNe)                  Turns: 8730, Time: 00:10:51

Health: 0/59       AC:  6    Str: 10    XL:     9   Next: 76%
Magic:  28/28      EV: 15    Int: 19    God:    Kikubaaqudgha [***...]
Gold:   402        SH:  5    Dex: 19    Spells: 13/21 levels left

rFire   + . .        p - +9 falchion of Crawling {freeze, Will- Dex+6}
rCold   . . .        (no shield)
rNeg    . . .        s - +0 leather armour {rF+}
rPois   .            (helmet restricted)
rElec   .            (no cloak)
rCorr   .            (no gloves)
SInv    .            y - +0 pair of boots
Will    .....        u - amulet of reflection
Stlth   ++++         g - ring of magical power
HPRegen 0.29/turn    (no ring)
MPRegen 0.42/turn

%: reflection
@: mighty, lethally poisoned (0 -> -15)
A: horns 2, rugged brown scales 2, powered by pain 1, magic regeneration
a: Renounce Religion, Unearth Wretches


You were on level 7 of the Dungeon.
You worshipped Kikubaaqudgha.
Kikubaaqudgha was most pleased with you.
You visited 1 branch of the dungeon, and saw 9 of its levels.

You collected 402 gold pieces.

Inventory:

Hand Weapons
 p - the +9 falchion of Crawling (weapon) {freeze, Will- Dex+6}
   (You found it on level 3 of the Dungeon)

   Dex+6:     It affects your dexterity (+6).
   Will-:     It decreases your willpower.
 t - a +2 spear of flaming
 F - a +2 hand axe of draining
 I - a +3 vampiric trident
Missiles
 d - 5 javelins
 l - 4 curare-tipped darts (quivered)
 v - 9 poisoned darts
 D - 4 silver javelins
Armour
 s - a +0 leather armour of fire resistance (worn)
 y - a +0 pair of boots (worn)
 z - a +0 tower shield
 J - an orb of mayhem
Jewellery
 g - a ring of magical power (left hand)
 u - an amulet of reflection (around neck)
 G - a ring of positive energy
Wands
 m - a wand of polymorph (9)
 r - a wand of flame (27)
 K - a wand of mindburst (16)
 L - a wand of paralysis (4)
 M - a wand of acid (10)
Scrolls
 c - a scroll of vulnerability {unknown}
 h - a scroll of brand weapon {unknown}
 i - a scroll of enchant armour {unknown}
 o - a scroll of enchant weapon {unknown}
 q - 4 scrolls of identify
 w - a scroll of torment {unknown}
 x - 2 scrolls of poison
 B - a scroll of fear {unknown}
 C - 2 scrolls of teleportation
 E - a scroll of revelation {unknown}
 N - a scroll of amnesia {unknown}
Potions
 b - 2 potions of magic
 e - 2 potions of might {unknown}
 f - 7 potions of curing {unknown}
 j - 2 potions of mutation {unknown}
 k - 2 potions of heal wounds {unknown}
 n - 4 potions of brilliance {unknown}
 A - 2 potions of haste {unknown}
 H - 3 potions of ambrosia {unknown}


   Skills:
 + Level 6.6 Dodging
 + Level 7.2 Stealth
 + Level 6.7 Spellcasting
 + Level 8.8 Necromancy


You had 13 spell levels left.
You knew the following spells:

 Your Spells              Type           Power      Damage    Failure   Level
a - Necrotise             Necr           100%       1d9       1%          1
b - Vampiric Draining     Necr           40%        2d8       1%          3
c - Animate Dead          Necr           40%        N/A       3%          4

Your spell library contained the following spells:

 Spells                   Type           Power      Damage    Failure   Level
 Sublimation of Blood     Necr           40%        N/A       1%          2
 Cigotuvi's Dreadful Rot  Necr/Alch/Air  34%        N/A       6%          2
 Curse of Agony           Necr           40%        N/A       11%         5
 Apportation              Tloc           12%        N/A       14%         1
 Martyr's Knell           Necr/Summ      23%        N/A       22%         4
 Frozen Ramparts          Ice            12%        1d2       38%         3
 Hailstorm                Conj/Ice       6%         3d5       38%         3
 Volatile Blastmotes      Fire/Tloc      12%        2d11      38%         3
 Death Channel            Necr           20%        N/A       50%         6
 Borgnjor's Vile Clutch   Necr/Erth      11%        N/A       54%         5
 Cause Fear               Hex            3%         N/A       80%         4
 Fireball                 Conj/Fire      3%         3d4       98%         5
 Summon Forest            Summ/Tloc      3%         N/A       98%         5
 Dragon's Call            Summ           3%         N/A       100%        9


Dungeon Overview and Level Annotations

Branches:
Dungeon (9/15)             Temple (0/1) D:7
   Lair: D:8-11         Orc: D:9-12

Altars:
Hepliaklqana
Kikubaaqudgha
Qazlal

Shops:
D:2 (   D:6 =

Annotations:
D:2 Sigmund


Innate Abilities, Weirdness & Mutations

You have a pair of horns on your head.
You are mostly covered in rugged brown scales. (AC +2, +5% HP)
You sometimes gain a little power by taking damage.
You regenerate magic rapidly.


Message History

Confirm with . or Enter, or press ? or * to list all spells.
Aiming: Necrotise (safe; 1% risk of failure)
Press: ? - help, Shift-Dir - straight line, f/p - slime creature
Aim: a slime creature (chance to affect: 70%)
The slime creature writhes in agony.
The slime creature hits you!
You focus on the pain.
You feel your power returning.
You slash the slime creature! You freeze the slime creature.
The slime creature is moderately wounded.
Two slime creatures merge to form a large slime creature.
You hit the large slime creature. You freeze the large slime creature.
You headbutt the large slime creature.
The large slime creature is lightly wounded.
A large slime creature splits.
Two slime creatures merge to form a large slime creature.
You block the slime creature's attack.
Two slime creatures merge to form a very large slime creature.
Found 17 gold pieces.
The air fills with toxic fumes!
As you read the scroll labelled XELOVV JEPOGA, it crumbles to dust.
It was a scroll of poison.
As you read the scroll labelled SYPHUMOZARPH, it crumbles to dust.
It is a scroll of identify.
C - 2 scrolls of teleportation The very large slime creature hits you!!!
Ouch! That really hurt!
* * * LOW HITPOINT WARNING * * *
You focus on the pain.
You feel very mighty all of a sudden.
Blink to where?
Press: ? - help, Dir - move target, p - very large slime creature
Okay, then.
Blink to where?
Press: ? - help, Dir - move target
As you read the scroll labelled SEILAMO FICO, it crumbles to dust.
It was a scroll of blinking.
You are engulfed in poison gas.
You are lethally poisoned!
* * * LOW HITPOINT WARNING * * *
You die...
Kikubaaqudgha rasps: "You have failed me!
Welcome... death!"

### ### #..##### #.# ##§#
# #...##.## #.## ###
##J####.# #....#... #..#
##.# #§.##..# #......##
#..###..# ##§.$# #.....##
##.).#..## #§.## #.....#
#...#..## #§## ##.....#
..####..##
#§.######.....## .##
##..# ##@.....#......# ##
#..######.#............##
#
##........#########.....#
## ##..##....## ##......#
.# ##..####....#
#..#..... .####..##
#....## #.###....
..##..## #.....# #.. #...
.....## #.....## #.# ...
.#..## ##......# ##..#
#..


You could see a very large slime creature.

Vanquished Creatures
  Joseph (D:7)
  Jeremiah (D:7)
  A steam dragon (D:6)
  2 water moccasins
  Edmund (D:5)
  An acid dragon (D:6)
  An orc warrior (D:8)
  3 ice beasts
  A black bear (D:7)
  2 ogres
  A centaur (D:8)
  A kobold brigand (D:6)
  4 bullfrogs
  2 scorpions
  A gnoll sergeant (D:6)
  A killer bee (D:6)
  8 howler monkeys
  2 bombardier beetles
  2 hounds
  An orc priest (D:7)
  5 iguanas
  3 sleepcaps
  4 orc wizards
  8 gnolls
  9 adders
  2 white imps
  A ribbon worm (D:3)
  3 dart slugs
  18 orcs
  4 bats
  8 endoplasms
  4 giant cockroaches
  7 hobgoblins
  5 jackals
  5 quokkas
  9 ball pythons
  A frilled lizard (D:1)
  12 goblins
  5 kobolds
  4 rats
154 creatures vanquished.

Vanquished Creatures (collateral kills)
  An adder (D:3)
  An orc (D:4)
  2 bats (D:2)
  A frilled lizard (D:3)
5 creatures vanquished.

Grand Total: 159 creatures vanquished

Notes
Turn   | Place    | Note
-------+----------+-------------------------------------------
     0 | D:1      | PaiMei the Demonspawn Necromancer began the quest for the
                  | Orb.
     0 | D:1      | Reached XP level 1. HP: 13/13 MP: 3/3
   118 | D:1      | Found a faded altar of an unknown god.
   369 | D:1      | Gained mutation: You sometimes gain a little power by
                  | taking damage. [demonic ancestry]
   369 | D:1      | Reached XP level 2. HP: 19/19 MP: 5/5
  1196 | D:2      | Noticed Sigmund
  1375 | D:2      | Gained mutation: You are partially covered in rugged brown
                  | scales. (AC +1, +3% HP) [demonic ancestry]
  1375 | D:2      | Reached XP level 3. HP: 19/24 MP: 6/6
  1379 | D:2      | Learned a level 3 spell: Vampiric Draining
  1544 | D:2      | Found an ancient bone altar of Kikubaaqudgha.
  1557 | D:2      | Became a worshipper of Kikubaaqudgha
  1645 | D:2      | Found Kugey's Antique Weapon Shop.
  2058 | D:3      | Identified the +9 falchion of Crawling {freeze, Will-
                  | Dex+6}
  2159 | D:3      | Reached XP level 4. HP: 27/30 MP: 7/8
  2174 | D:3      | Reached skill level 5 in Necromancy
  2214 | D:3      | Reached * piety under Kikubaaqudgha
  2214 | D:3      | Received a gift from Kikubaaqudgha
  2371 | D:3      | Gained mutation: You have a pair of small horns on your
                  | head. [demonic ancestry]
  2371 | D:3      | Reached XP level 5. HP: 36/36 MP: 9/9
  2844 | D:3      | Got Sif Muna's Discursus on Arctic Geometry
  3395 | D:4      | Gained mutation: You have a pair of horns on your head.
                  | [demonic ancestry]
  3395 | D:4      | Reached XP level 6. HP: 35/42 MP: 6/11
  3518 | D:4      | Reached ** piety under Kikubaaqudgha
  4122 | D:4      | Learned a level 4 spell: Animate Dead
  4154 | D:5      | Entered Level 5 of the Dungeon
  4282 | D:5      | Noticed Edmund
  4292 | D:5      | Killed Edmund
  4293 | D:5      | Reached skill level 6 in Necromancy
  4293 | D:5      | Gained mutation: You regenerate magic rapidly. [demonic
                  | ancestry]
  4293 | D:5      | Reached XP level 7. HP: 44/47 MP: 7/12
  4750 | D:5      | Found a hazy altar of Hepliaklqana.
  4997 | D:6      | You fall into a shaft and drop 3 floors!
  5047 | D:8      | Reached XP level 8. HP: 17/53 MP: 14/14
  5062 | D:8      | Reached skill level 5 in Stealth
  5209 | D:7      | Reached skill level 5 in Spellcasting
  5209 | D:7      | Reached skill level 7 in Necromancy
  5310 | D:6      | Found a stormy altar of Qazlal.
  5561 | D:6      | Reached skill level 5 in Dodging
  5610 | D:6      | Reached *** piety under Kikubaaqudgha
  5610 | D:6      | Received a gift from Kikubaaqudgha
  5886 | D:6      | Found Poler's Jewellery Shoppe.
  6279 | D:6      | Identified the staff of Evisceration {Str+3 Earth}
  6353 | D:6      | Gained mutation: You are mostly covered in rugged brown
                  | scales. (AC +2, +5% HP) [demonic ancestry]
  6353 | D:6      | Reached XP level 9. HP: 50/59 MP: 17/17
  6419 | D:6      | Reached skill level 8 in Necromancy
  7026 | D:7      | Noticed Jeremiah
  7188 | D:7      | Killed Jeremiah
  7830 | D:7      | Found a staircase to the Ecumenical Temple.
  7849 | D:7      | Noticed Joseph
  8002 | D:7      | Killed Joseph
  8730 | D:7      | Succumbed to their own poison gas

Illustrated notes

Levels and vault maps discovered:
D:1:      minmay_arrival_stone_box, layout_basic,
          shapermc_ecumenical_altar_notcrosses, minmay_misc_feat_tiny,
          minmay_misc_feat_square
D:2:      layout_basic, basic_altar, serial_shops, shop, minmay_quadrilaterals,
          uniq_sigmund
D:3:      cheibrodos_greedy_goblins, layout_basic, minmay_checkerbox
D:4:      layout_gridville, portal_sewer_entry_d
D:5:      layout_rooms, nicolae_hepliaklqana_hippocampus, uniq_edmund
D:6:      kennysheep_windowed_halls, layout_loops_corners,
          overflow_temple_1_default, serial_shops, nicolae_shop_real_fake_doors
D:7:      layout_layer_cave, minmay_temple_entry_overgrown, uniq_jeremiah,
          uniq_joseph
D:8:      layout_loops_ring, serial_library_hellmonk_u_bend, uniq_erica
D:9:      layout_irregular_city, mainiacjoe_overflow_alcove_2,
          dpeg_lair_monsters, minmay_hedge_maze, uniq_pikel

Skill      XL: |  1  2  3  4  5  6  7  8  9 |
---------------+----------------------------+-----
Stealth        | 2 3 4 6 7 |  7.2
Dodging        | 2 3 4 5 6 |  6.6
Necromancy     | 5 6 7 8 |  8.8
Spellcasting   | 3 4 5 6 |  6.7

Action                     |  1- 3 |  4- 6 |  7- 9 || total
---------------------------+-------+-------+-------++-------
  Melee: Mace              |    15 |       |       ||    15
         Falchion          |     5 |    29 |    98 ||   132
         Headbutt          |       |     4 |    11 ||    15
   Cast: Necrotise         |    90 |    71 |    40 ||   201
         Vampiric Draining |       |    13 |    77 ||    90
    Use: Scroll            |       |       |     3 ||     3
   Stab: Distracted        |       |     1 |       ||     1
 Armour: Robe              |    50 |    26 |       ||    76
         Leather armour    |       |    15 |    86 ||   101
  Dodge: Dodged            |    50 |    58 |   110 ||   218
  Block: Other             |       |     1 |    47 ||    48
         Reflection        |       |       |     2 ||     2
